 Dungeon Crawl Stone Soup version 0.29-a0-474-gdfe5cd140f (webtiles) character file.

Game seed: 7576042681388800583

130 spaghetti the Ruffian (level 5, -1/54 HPs)
             Began as an Ogre Fighter on May 23, 2022.
             Slain by a gnoll
             ... wielding a +0 flail
              (8 damage)
             ... on level 3 of the Dungeon.
             The game lasted 00:04:09 (3419 turns).

spaghetti the Ruffian (Ogre Fighter)                Turns: 3419, Time: 00:04:10

Health: -1/54      AC:  3    Str: 22    XL:     5   Next: 14%
Magic:  5/5        EV:  8    Int:  9    God:
Gold:   172        SH:  7    Dex:  8    Spells: 4/4 levels left

rFire   . . .      SeeInvis .     - Unarmed
rCold   . . .      Faith    .   b - +0 kite shield
rNeg    . . .      Spirit   .   a - +0 robe
rPois   .          Reflect  .   (helmet restricted)
rElec   .          Harm     .   (no cloak)
rCorr   .          Rampage  .   (gloves unavailable)
Will    .....                   (boots unavailable)
Stlth   +.........              (no amulet)
HPRegen 0.18/turn               (no ring)
MPRegen 0.09/turn               (no ring)

@: about to teleport, attractive
A: large, unfitting armour, tough skin 1
a: no special abilities


You were on level 3 of the Dungeon.
You visited 1 branch of the dungeon, and saw 3 of its levels.

You collected 172 gold pieces.


Innate Abilities, Weirdness & Mutations

You are too large for most types of armour.
You have tough skin. (AC +1)


   Skills:
 - Level 4.0 Fighting
 - Level 2.6 Dodging
 - Level 3.0 Shields
 + Level 4.7 Unarmed Combat


You had 4 spell levels left.
You didn't know any spells.
Your spell library was empty.

Inventory:

Hand Weapons
 d - a +0 dagger {short}
   (You took it off a goblin on level 1 of the Dungeon)
 h - a +0 club {mace}
   (You took it off a goblin on level 1 of the Dungeon)
 i - a +0 dagger {short}
   (You took it off a kobold on level 1 of the Dungeon)
Missiles
 e - 74 stones (quivered) {throwing}
Armour
 a - a +0 robe (worn)
 b - a +0 kite shield (worn)
Wands
 m - a wand of iceblast (6)
   (You found it on level 2 of the Dungeon)
Scrolls
 f - a scroll of amnesia
 j - a scroll of magic mapping {!r}
 k - 2 scrolls of vulnerability {!r!r}
 l - 3 scrolls of teleportation {@r4}
Potions
 c - 2 potions of might

Dungeon Overview and Level Annotations

Branches:
Dungeon (3/15)

Altars:

####.# #.#.##.# ....[#
#.#.##.########### ######
#.#....##......... #####
#.####.##.#######.
....####.##......#
###..............#
###########...##.# ...#
#####...##.# ##.#
##<......##@# ##.#
#.....#..##g#######
##)###..##.#....gg....g#
..............##g.........
##......##.###########.#..
######.....# # # ##.####
#.# #.#


You could see 4 gnolls.


Message History

The gnoll shouts! 😎 HP[+7]
Your hp is fully restored (54).
There are monsters nearby!
There are monsters nearby!
A gnoll comes into view. It is wielding a +0 spear.
The gnoll shouts!
You hear a shout! x4
You hit the gnoll. The gnoll hits you with a +0 whip.
You are too injured to fight recklessly!
You are too injured to fight recklessly! 😕 HP[-4]
You take 4 damage, and now have 50/54 hp.
You are too injured to fight recklessly!
You are too injured to fight recklessly!
You are too injured to fight recklessly!
You are too injured to fight recklessly!
You are too injured to fight recklessly!
You are too injured to fight recklessly!
You are too injured to fight recklessly!
You are too injured to fight recklessly!
You are too injured to fight recklessly!
You are too injured to fight recklessly!
You are too injured to fight recklessly!
You are too injured to fight recklessly!
You are too injured to fight recklessly!
Unknown command.
Unknown command.
You hit the gnoll.
A gnoll comes into view. It is wielding a +0 flail.
The gnoll barely misses you. You block the goblin's attack.
The gnoll shouts!
You hit the gnoll. You block the gnoll's attack.
The gnoll hits you from afar with a +0 spear!
The goblin barely misses you. 😕 HP[-7]
You take 7 damage, and now have 43/54 hp.
You barely miss the gnoll. The gnoll hits you with a +0 whip.
The gnoll hits you from afar with a +0 spear.
The goblin barely misses you. 😮 HP[-9]
You take 9 damage, and now have 34/54 hp.
You hit the gnoll. The gnoll hits you with a +0 whip.
You block the gnoll's attack. The goblin closely misses you. 😮 HP[-2]
You take 2 damage, and now have 32/54 hp.
A gnoll comes into view. It is wielding a +0 halberd.
You hit the gnoll.
You kill the gnoll!
You block the gnoll's attack. The goblin attacks as you move away!
The goblin closely misses you.
You hit the goblin.
You kill the goblin! 😮 HP[+1]
You hit the gnoll.
The gnoll hits you from afar with a +0 spear.
The gnoll hits you with a +0 flail!
* * * LOW HITPOINT WARNING * * *
😨 HP[-12]
You take 12 damage, and now have 21/54 hp.
MASSIVE DAMAGE!! (PAUSE) Unknown command.
You closely miss the gnoll.
The gnoll hits you from afar with a +0 spear.
* * * LOW HITPOINT WARNING * * *
The gnoll hits you with a +0 flail!
* * * LOW HITPOINT WARNING * * *
😱 HP[-12]
You take 12 damage, and now have 9/54 hp.
MASSIVE DAMAGE!! (PAUSE) Unknown command.
Okay, then.
Okay, then.
It was a potion of attraction.
You feel attractive to monsters.
The gnoll hits you from afar with a +0 spear.
* * * LOW HITPOINT WARNING * * *
You block the gnoll's attack.
The gnoll is attracted toward you. 😱 HP[-3]
You take 3 damage, and now have 6/54 hp.
You feel better. You block the gnoll's attack.
The gnoll hits you from afar with a +0 halberd.
* * * LOW HITPOINT WARNING * * *
The gnoll hits you with a +0 flail.
* * * LOW HITPOINT WARNING * * *
😱 HP[+2]
You regained 2 hp, and now have 8/54 hp.
You feel better. You block the gnoll's attack.
A gnoll comes into view. It is wielding a +0 spear.
The gnoll hits you from afar with a +0 halberd.
* * * LOW HITPOINT WARNING * * *
The gnoll hits you with a +0 flail!
* * * LOW HITPOINT WARNING * * *
😱 HP[-1]
You take 1 damage, and now have 7/54 hp.
Unknown command.
Unknown command.
As you read the scroll of teleportation {@r4}, it crumbles to dust.
You feel strangely unstable.
You block the gnoll's attack. x2; The gnoll hits you with a +0 flail!
You die...

Skill      XL: |  1  2  3  4 |
---------------+-------------+-----
Unarmed Combat | 2 3 4 |  4.7
Fighting       | |  4.0
Dodging        | |  2.6
Shields        | |  3.0

Action                   |  1- 3 |  4- 6 || total
-------------------------+-------+-------++-------
Melee: Unarmed           |   180 |    88 ||   268
Throw: Stone             |     2 |       ||     2
  Use: Scroll            |       |     7 ||     7
       Potion            |       |     3 ||     3
Armor: Robe              |    49 |    26 ||    75
Dodge: Dodged            |    56 |    40 ||    96
Block: Kite shield       |    65 |    29 ||    94

Levels and vault maps discovered:
D:1:      shiori_arrival_elements, layout_loops_corners,
          shapermc_ecumenical_altar_mp_highgroup
D:2:      layout_loops_ring
D:3:      layout_loops_ring, zin_angel, nrook_mini_vaults

Notes
Turn   | Place    | Note
-------+----------+-------------------------------------------
     0 | D:1      | spaghetti the Ogre Fighter began the quest for the Orb.
     0 | D:1      | Reached XP level 1. HP: 24/24 MP: 1/1
     0 | D:1      | magus.rc [v1.9.6]
    48 | D:1      | Reached skill level 2 in Unarmed Combat
   434 | D:1      | Reached XP level 2. HP: 32/32 MP: 2/2
   919 | D:1      | Reached skill level 3 in Unarmed Combat
  1073 | D:1      | Reached XP level 3. HP: 39/39 MP: 3/3
  1077 | D:1      | Found a faded altar of an unknown god.
  2107 | D:2      | Reached XP level 4. HP: 19/48 MP: 4/4
  2696 | D:2      | Reached skill level 4 in Unarmed Combat
  3122 | D:3      | Reached XP level 5. HP: 24/54 MP: 5/5
  3415 | D:3      | HP: 9/54 [gnoll/+0 flail (7)]
  3419 | D:3      | Slain by a gnoll

Vanquished Creatures
  An orc priest (D:3)
  A gnoll (D:3)
  2 adders
  A worm (D:2)
  3 dart slugs
  3 orcs
  6 bats
  4 endoplasms
  A giant cockroach (D:1)
  5 goblins
  2 hobgoblins
  8 jackals
  5 quokkas
  3 ball pythons
  5 frilled lizards
  3 kobolds
  6 rats
59 creatures vanquished.

Table legend:
 A = Non-vault XP
 B = Vault XP
 C = Vault XP percentage of total XP
 D = Non-vault monster count
 E = Vault monster count
 F = Vault count percentage of total count
                 A         B        C        D         E       F
            +---------+---------+-------+---------+---------+-------
      Total |     187 |       0 |   0.0 |      59 |       0 |   0.0
            +---------+---------+-------+---------+---------+-------
        D:1 |      39 |       0 |   0.0 |      23 |       0 |   0.0
        D:2 |      60 |       0 |   0.0 |      24 |       0 |   0.0
        D:3 |      88 |       0 |   0.0 |      12 |       0 |   0.0
            +---------+---------+-------+---------+---------+-------

Illustrated notes

Table legend:
 A = Kills in this place as a percentage of kills in entire the game.
 B = Kills by you in this place as a percentage of kills by you in the entire game.
 C = Kills by friends in this place as a percentage of kills by friends in the entire game.
 D = Other kills in this place as a percentage of other kills in the entire game.
 E = Experience gained in this place as a percentage of experience gained in the entire game.
 F = Experience gained in this place divided by the number of levels of this place that you have seen.
                   A       B       C       D       E      F
               +-------+-------+-------+-------+-------+----------------------
         Total | 100.0 | 100.0 |   N/A |   N/A | 100.0 |  62.3
       Dungeon | 100.0 | 100.0 |   N/A |   N/A | 100.0 |  62.3
               +-------+-------+-------+-------+-------+----------------------

Table legend: (Time is in decaauts)
 A = Elapsed time spent in this place.
 B = Non-inter-level travel time spent in this place.
 C = Inter-level travel time spent in this place.
 D = Time resting spent in this place.
 E = Time spent auto-exploring this place.
 F = Levels seen in this place.
 G = Mean time per level.
                   A        B        C        D        E       F      G
               +--------+--------+--------+--------+--------+-----+--------+
         Total |   3437 |   3379 |     58 |    337 |   2566 |   3 | 1145.7 |
       Dungeon |   3437 |   3379 |     58 |    337 |   2566 |   3 | 1145.7 |
               +--------+--------+--------+--------+--------+-----+--------+

Top non-repeatable levels by time:
     D:1: 1509 daAuts
     D:2: 1337 daAuts
     D:3: 590 daAuts
